 Dungeon Crawl Stone Soup version 0.28-a0-1080-g05a166d0ed (webtiles) character file.

Game seed: 15182417092412310013

249 leviel the Skirmisher (level 6, -2/56 HPs)
             Began as a Hill Orc Fighter on Dec 10, 2021.
             Killed from afar by an orc wizard (4 damage)
             ... with a magic dart
             ... on level 4 of the Dungeon.
             The game lasted 00:03:56 (3108 turns).

leviel the Skirmisher (Hill Orc Fighter)            Turns: 3108, Time: 00:03:57

Health: -2/56      AC: 14    Str: 19 (21) XL:     6   Next: 12%
Magic:  6/6        EV:  5    Int:  6 (8)  God:
Gold:   125        SH:  4    Dex:  7 (10) Spells: 5/5 levels left

rFire   . . .      SeeInvis .   a - +0 long sword
rCold   . . .      Faith    .   c - +0 buckler
rNeg    . . .      Spirit   .   d - +0 plate armour
rPois   .          Reflect  .   m - +2 hat
rElec   .          Harm     .   (no cloak)
rCorr   .          Rampage  .   (no gloves)
Will    .....                   (no boots)
Stlth   ..........              (no amulet)
HPRegen 0.18/turn               (no ring)
MPRegen 0.10/turn               (no ring)

@: no status effects
A: no striking features
a: Convert to Beogh


You were on level 4 of the Dungeon.
You visited 1 branch of the dungeon, and saw 4 of its levels.

You collected 125 gold pieces.

Inventory:

Hand Weapons
 a - a +0 long sword (weapon)
Armour
 b - a +0 scale mail
 c - a +0 buckler (worn)
 d - a +0 plate armour (worn)
 m - a +2 hat (worn)
Jewellery
 p - a ring of flight
Scrolls
 e - 4 scrolls of identify {unknown}
 g - a scroll of blinking {unknown}
 i - a scroll of vulnerability {unknown}
 j - a scroll of enchant armour {unknown}
 k - a scroll of brand weapon {unknown}
 q - a scroll of amnesia {unknown}
Potions
 f - 3 potions of brilliance {unknown}
 h - a potion of degeneration
 l - a potion of heal wounds {unknown}
 n - a potion of mutation {unknown}
 o - a potion of curing {unknown}


   Skills:
 + Level 5.0 Fighting
 + Level 3.8 Long Blades
 + Level 4.6 Armour
 + Level 4.6 Shields


You had 5 spell levels left.
You didn't know any spells.
Your spell library contained the following spells:

 Spells                   Type           Power      Damage    Failure   Level
 Static Discharge         Conj/Air       0%         N/A       100%        2
 Conjure Flame            Conj/Fire      0%         6-21      100%        3
 Ignite Poison            Fire/Tmut/Pois 0%         N/A       100%        3
 Ozocubu's Armour         Ice            0%         N/A       100%        3
 Dispel Undead            Necr           0%         3d6       100%        4
 Sticky Flame             Conj/Fire      0%         2d3       100%        4
 Metabolic Englaciation   Hex/Ice        0%         N/A       100%        5
 Simulacrum               Ice/Necr       0%         N/A       100%        6


Dungeon Overview and Level Annotations

Branches:
Dungeon (4/15)
 Temple: D:4-7

Altars:
Dithmenos
Uskayaw

Shops:
D:2 (


Message History

The orc priest hits you but does no damage.
You hear some strange, mumbled words.
Something tries to affect you, but you resist.
The giant cockroach waves its antennae.
The giant cockroach bites you but does no damage.
The orc priest hits you with a +0 war axe.
* * * LOW HITPOINT WARNING * * *
You closely miss the orc priest. Something hits you but does no damage.
You block the giant cockroach's attack.
The orc priest hits you but does no damage.
You closely miss the orc priest. You block the giant cockroach's attack.
Something hits you.
* * * LOW HITPOINT WARNING * * *
The orc priest hits you with a +0 war axe.
* * * LOW HITPOINT WARNING * * *
You block the giant cockroach's attack.
You hit the orc priest but do no damage.
You hear some strange, mumbled words.
Something tries to affect you, but you resist.
The orc priest hits you with a +0 war axe.
* * * LOW HITPOINT WARNING * * *
You block the giant cockroach's attack.
The adder skeleton bites you but does no damage.
Something hits you but does no damage.
It was a potion of degeneration.
There was something very wrong with that liquid.
You feel weakened.
You feel dopey.
You feel clumsy. You block the giant cockroach's attack.
The orc priest hits you but does no damage.
The adder skeleton bites you but does no damage.
A magic dart appears from out of thin air!
The magic dart hits something.
Something hits you but does no damage.
You closely miss the orc priest. You block the giant cockroach's attack.
The orc priest looks satisfied for a moment.
The adder skeleton bites you.
* * * LOW HITPOINT WARNING * * *
You hear some strange, mumbled words.
A magic dart appears from out of thin air!
The magic dart hits you.
You die...

#.#######. #........
#......# #......# ##
#......### .. #......'.#
###.## #......#.#
.....o#########......#.#
......{@.....).........#
......oBZ...........)###
.....................<.#
......#.....######..#..#
......'.....'.....#.#..#
#######.....#####.#..#.#
#.....# #.#....#
........# #.##..##
###.#...# #. ....


You could see an orc priest, an orc, a giant cockroach and an adder skeleton.

Vanquished Creatures
  An ogre (D:3)
  An orc priest (D:4)
  A jelly (D:3)
  4 adders
  A worm (D:2)
  2 dart slugs
  An orc (D:4)
  7 endoplasms
  4 giant cockroaches
  5 goblins
  2 hobgoblins
  6 jackals
  5 quokkas
  5 ball pythons
  2 bats (D:2)
  2 frilled lizards
  6 kobolds
  11 rats
66 creatures vanquished.

Notes
Turn   | Place    | Note
-------+----------+-------------------------------------------
     0 | D:1      | leviel the Hill Orc Fighter began the quest for the Orb.
     0 | D:1      | Reached XP level 1. HP: 19/19 MP: 1/1
   152 | D:1      | Reached XP level 2. HP: 27/27 MP: 2/2
   224 | D:1      | Found a faded altar of an unknown god.
   730 | D:1      | Reached skill level 4 in Fighting
   807 | D:1      | Reached XP level 3. HP: 33/33 MP: 3/3
  1187 | D:2      | Found Jovuka's Weapon Boutique.
  1438 | D:2      | Found a hide-covered altar of Uskayaw.
  1747 | D:3      | Reached XP level 4. HP: 18/41 MP: 4/4
  2307 | D:3      | Reached XP level 5. HP: 46/47 MP: 5/5
  2624 | D:3      | Noticed an ogre
  2629 | D:3      | Killed an ogre
  2653 | D:3      | Found a shadowy altar of Dithmenos.
  3103 | D:4      | Reached skill level 5 in Fighting
  3103 | D:4      | Reached XP level 6. HP: 13/56 MP: 6/6
  3108 | D:4      | HP: 2/56 [adder skeleton (1)]
  3108 | D:4      | Killed from afar by an orc wizard

Illustrated notes

Levels and vault maps discovered:
D:1:      lordsloth_arrival_two_stooges, layout_loops_cross,
          shapermc_ecumenical_altar_totnotflames
D:2:      layout_basic, basic_altar, serial_shops,
          nicolae_shop_bloodbath_and_beyond
D:3:      layout_basic, marbit_many_paths, grunt_decor_arrowhead
D:4:      layout_basic, mainiacjoe_overflow_big_doors, serial_shops,
          nicolae_shop_waterfront, shop_coins, shop, minmay_cut_off

Skill      XL: |  1  2  3  4  5 |
---------------+----------------+-----
Fighting       | 4 5 |  5.0
Long Blades    | 3 |  3.8
Armour         | 4 |  4.6
Shields        | 4 |  4.6

Action                   |  1- 3 |  4- 6 || total
-------------------------+-------+-------++-------
Melee: Long sword        |   127 |   103 ||   230
  Use: Potion            |       |     2 ||     2
Armor: Scale mail        |    58 |    39 ||    97
       Plate armour      |       |    29 ||    29
Dodge: Dodged            |    62 |    53 ||   115
Block: Buckler           |    28 |    33 ||    61

Table legend: (Time is in decaauts)
 A = Elapsed time spent in this place.
 B = Non-inter-level travel time spent in this place.
 C = Inter-level travel time spent in this place.
 D = Time resting spent in this place.
 E = Time spent auto-exploring this place.
 F = Levels seen in this place.
 G = Mean time per level.
                   A        B        C        D        E       F      G
               +--------+--------+--------+--------+--------+-----+--------+
         Total |   3167 |   3060 |    107 |    181 |   2330 |   4 |  791.8 |
       Dungeon |   3167 |   3060 |    107 |    181 |   2330 |   4 |  791.8 |
               +--------+--------+--------+--------+--------+-----+--------+

Top non-repeatable levels by time:
     D:3: 1324 daAuts
     D:1: 1090 daAuts
     D:2: 647 daAuts
     D:4: 105 daAuts
